 Dungeon Crawl Stone Soup version 0.29.0-4-gdea44cf6ec (webtiles) character file.

Game seed: 2426446034409941681

5375 qw the Cleaver (level 10, -27/61 HPs)
             Began as a Tengu Warper on Aug 28, 2022.
             Was a Priest of Okawaru.
             Annihilated by a boulder beetle (33 damage)
             ... on level 11 of the Dungeon.
             The game lasted 00:01:10 (11268 turns).

qw the Cleaver (Tengu Warper)                      Turns: 11268, Time: 00:01:11

Health: -27/61     AC: 22    Str: 15    XL:     10   Next: 66%
Magic:  13/14      EV: 13    Int: 12    God:    Okawaru [***...]
Gold:   469        SH:  0    Dex: 15    Spells: 13/13 levels left

rFire   + + .      SeeInvis .   Y - +0 hand axe
rCold   . . .      Faith    .   (no shield)
rNeg    + . .      Spirit   .   p - +0 plate armour
rPois   +          Reflect  .   (helmet restricted)
rElec   .          Harm     .   h - +2 ratskin cloak {*Rats rPois rN+ Str-1 Int-1 Dex+1}
rCorr   .          Rampage  .   j - +2 pair of gloves of Card Tricks {rF++}
Will    +....                   (boots unavailable)
Stlth   ..........              (no amulet)
HPRegen 0.20/turn               e - ring of willpower
MPRegen 0.14/turn               q - +4 ring of evasion

@: heroic, flying quickly and evasively, quick
A: beak, talons 3, nimble flight
a: Renounce Religion, Heroism


You were on level 11 of the Dungeon.
You worshipped Okawaru.
Okawaru was most pleased with you.
You visited 2 branches of the dungeon, and saw 11 of its levels.

You collected 469 gold pieces.


Innate Abilities, Weirdness & Mutations

You have a beak for a mouth.
You have claws for feet.
Your magical nature lets you fly swiftly and evasively.


   Skills:
 - Level 6.6(11.6) Fighting
 + Level 12.8(17.8) Axes
 - Level 1.0(6.0) Throwing
 - Level 7.0(12.0) Armour
 - Level 3.0(8.0) Dodging
 - Level 2.0 Spellcasting
 - Level 2.4 Translocations
 - Level 4.0 Invocations


You had 13 spell levels left.
You didn't know any spells.
Your spell library contained the following spells:

 Spells                   Type           Power      Damage    Failure   Level
 Blink                    Tloc           12%        N/A       99%         2
 Gell's Gravitas          Tloc           6%         N/A       100%        3
 Lesser Beckoning         Tloc           6%         N/A       100%        3
 Teleport Other           Tloc           6%         N/A       100%        3
 Manifold Assault         Tloc           6%         N/A       100%        5

Inventory:

Hand Weapons
 m - a +0 flail
 Y - a +0 hand axe (weapon)
Missiles
 n - 4 boomerangs (quivered)
Armour
 h - the +2 ratskin cloak (worn) {*Rats rPois rN+ Str-1 Int-1 Dex+1}
   (You found it on level 2 of the Dungeon)

   When the wearer is hurt, rats may emerge from it to assist them.
   Str:       It affects your strength (-1).
   Int:       It affects your intelligence (-1).
   Dex:       It affects your dexterity (+1).
   rPois:     It protects you from poison.
   rN:        It protects you from negative energy.
 i - a +0 buckler
 j - the +2 pair of gloves of Card Tricks (worn) {rF++}
   (You found it on level 2 of the Dungeon)

   rF:        It greatly protects you from fire.
 p - a +0 plate armour (worn)
Jewellery
 b - the ring "Niorirgh" {Ice Int+3}
   (You found it on level 6 of the Dungeon)

   [ring of ice]

   It enhances your ice magic.
   Int:       It affects your intelligence (+3).
   rF:        It makes you vulnerable to fire.
   rC:        It protects you from cold.
 d - a ring of protection from fire
 e - a ring of willpower (left hand)
 q - a +4 ring of evasion (right hand)
Scrolls
 o - a scroll of identify
Potions
 a - a potion of mutation
 c - a potion of magic
 f - 2 potions of cancellation
 g - a potion of curing
 k - a potion of might
 l - a potion of haste

Dungeon Overview and Level Annotations

Branches:
Dungeon (9/15)             Temple (1/1) D:5
   Lair: D:8-11         Orc: D:9-12

Altars:
Ashenzari
Cheibriados
Dithmenos
Elyvilon
Fedhas
Gozag
Hepliaklqana
Kikubaaqudgha
Makhleb
Okawaru
Qazlal
Ru
Trog
Uskayaw
Vehumet
Wu Jian
Xom
Yredelemnul
Zin
The Shining One

Shops:
D:8 [

Annotations:
D:3 3 runed translucent doors, qw's ghost, amateur TeWr


Message History

The troll is severely wounded.
The troll bites you! The troll misses you. The troll claws you!
You hit the troll.
The troll is severely wounded.
You hit the troll. You peck the troll, but do no damage.
The troll is almost dead.
The troll bites you. The troll claws you! The troll barely misses you.
11262 ||| READING scroll of teleportation.
As you read the scroll of teleportation, it crumbles to dust.
You feel strangely unstable.
A hound comes into view.
The troll closely misses you. The troll claws you but does no damage.
The troll completely misses you.
The hound barks!
You hit the troll but do no damage.
The troll is severely wounded.
The boulder beetle curls into a ball and begins rolling!
The troll misses you. The troll claws you but does no damage.
The troll barely misses you.
You hit the troll. Your kick misses the troll.
The troll is severely wounded.
You barely miss the troll.
The troll is severely wounded.
The troll bites you but does no damage. The troll completely misses you.
The troll misses you.
You slash the troll! You claw the troll.
You kill the troll!
Okawaru accepts your kill.
You hit the hound. Your kick misses the hound.
The hound is lightly wounded.
Your surroundings seem slightly different.
Found a crooked brass wand and a +4 ring of evasion.
You barely miss the boulder beetle.
You claw the boulder beetle, but do no damage.
You punch the boulder beetle, but do no damage.
You hit the hound. x2
The hound bites you but does no damage. The hound misses you.
The boulder beetle hits you!!
Ouch! That really hurt!
You die...

. .. ######.. .
#.......
...##########...#
../.....h.)ยค'...#
.......@hh###...#####
...#...B..##.........
#...0..##.########
....0...##.#
.~...0....##.#
~~..~.....##.#
~~~~~....=##.#
~~~~~....###+#


You could see a boulder beetle (rolling) and 3 hounds.

Vanquished Creatures
  A manticore (D:8)
  A troll (D:11)
  5 yaks (D:6)
  A steam dragon (D:8)
  Menkaure (D:7)
  An acid dragon (D:8)
  2 ice beasts
  3 sky beasts
  2 orc warriors
  2 black bears
  An ogre (D:5)
  A wolf (D:11)
  4 centaurs
  A phantom (D:3)
  A kobold brigand (D:7)
  2 gnoll sergeants
  2 necrophages
  5 bullfrogs
  4 scorpions
  13 killer bees
  3 jellies
  A howler monkey (D:11)
  4 hounds
  5 orc priests
  7 orc wizards
  A mummy (D:6)
  9 adders
  10 gnolls
  3 shadow imps (D:7)
  2 ufetubi
  2 worms
  A dart slug (D:5)
  14 orcs
  7 ball pythons
  9 bats
  13 endoplasms
  3 giant cockroaches (D:1)
  4 goblins
  5 hobgoblins
  8 jackals (D:1)
  A quokka (D:4)
  3 frilled lizards
  19 kobolds
  8 rats
195 creatures vanquished.

Vanquished Creatures (others)
  10 fungi (D:2)
  8 toadstools (D:2)
18 creatures vanquished.

Grand Total: 213 creatures vanquished

Notes
Turn   | Place    | Note
-------+----------+-------------------------------------------
     0 | D:1      | qw the Tengu Warper began the quest for the Orb.
     0 | D:1      | Reached XP level 1. HP: 12/12 MP: 4/4
     0 | D:1      | 0 ||| qw: Version: 0.1-a-89-g26bdef1
     0 | D:1      | 0 ||| qw: Game counter: 1989
     0 | D:1      | 0 ||| qw: Always use a shield: true
     0 | D:1      | 0 ||| qw: God list: Okawaru
     0 | D:1      | 0 ||| qw: Allow faded altars: false
     0 | D:1      | 0 ||| qw: Do Orc after D:15 true
     0 | D:1      | 0 ||| qw: Do second Lair branch before Depths: true
     0 | D:1      | 0 ||| qw: Lair rune preference: random
     0 | D:1      | 0 ||| qw: Plans: Normal
     0 | D:1      | 0 ||| PLANNING D:1-11
   160 | D:1      | 160 ||| Stepping ~*~*~tactically~*~*~ (stealth).
   269 | D:1      | 269 ||| Stepping ~*~*~tactically~*~*~ (stealth).
   271 | D:1      | 271 ||| Stepping ~*~*~tactically~*~*~ (stealth).
   273 | D:1      | 273 ||| Stepping ~*~*~tactically~*~*~ (stealth).
   276 | D:1      | 276 ||| Stepping ~*~*~tactically~*~*~ (stealth).
   278 | D:1      | 278 ||| Stepping ~*~*~tactically~*~*~ (stealth).
   285 | D:1      | Reached XP level 2. HP: 14/17 MP: 6/6
   289 | D:1      | Reached skill level 3 in Axes
   496 | D:1      | 496 ||| Stepping ~*~*~tactically~*~*~ (stealth).
   849 | D:1      | 849 ||| DROPPING +0 club.
   906 | D:1      | Reached XP level 3. HP: 21/21 MP: 7/7
   936 | D:1      | 936 ||| Stepping ~*~*~tactically~*~*~ (stealth).
  1092 | D:1      | 1092 ||| Stepping ~*~*~tactically~*~*~ (stealth).
  1136 | D:1      | 1136 ||| UPGRADING to +0 ring mail.
  1146 | D:1      | 1146 ||| DROPPING +0 leather armour.
  1147 | D:1      | 1147 ||| DRINKING 3 metallic purple potions.
  1148 | D:1      | 1148 ||| DROPPING scroll of blinking.
  1195 | D:2      | Reached skill level 4 in Axes
  1222 | D:2      | 1222 ||| Stepping ~*~*~tactically~*~*~ (stealth).
  1223 | D:2      | 1223 ||| Stepping ~*~*~tactically~*~*~ (stealth).
  1270 | D:2      | 1270 ||| Stepping ~*~*~tactically~*~*~ (stealth).
  1295 | D:2      | 1295 ||| FLEEEEING.
  1442 | D:2      | Identified the +2 pair of gloves of Card Tricks {rF++}
  1597 | D:2      | Reached XP level 4. HP: 22/26 MP: 8/8
  1844 | D:2      | Found a faded altar of an unknown god.
  1972 | D:2      | Reached skill level 5 in Axes
  1986 | D:2      | 1986 ||| Stepping ~*~*~tactically~*~*~ (stealth).
  1988 | D:2      | 1988 ||| Stepping ~*~*~tactically~*~*~ (stealth).
  2007 | D:2      | 2007 ||| FLEEEEING.
  2008 | D:2      | 2008 ||| FLEEEEING.
  2012 | D:2      | 2012 ||| FLEEEEING.
  2013 | D:2      | 2013 ||| FLEEEEING.
  2014 | D:2      | 2014 ||| FLEEEEING.
  2015 | D:2      | 2015 ||| FLEEEEING.
  2100 | D:2      | 2100 ||| Stepping ~*~*~tactically~*~*~ (stealth).
  2144 | D:2      | 2144 ||| Stepping ~*~*~tactically~*~*~ (stealth).
  2161 | D:2      | Gained mutation: Your magical nature lets you fly swiftly
                  | and evasively. [Tengu growth]
  2161 | D:2      | Reached XP level 5. HP: 16/30 MP: 9/9
  2296 | D:2      | Found the +2 ratskin cloak {*Rats rPois rN+ Str-1 Int-1
                  | Dex+1}
  2298 | D:2      | 2298 ||| DROPPING +0 whip.
  2399 | D:2      | Reached skill level 6 in Axes
  2411 | D:2      | 2411 ||| FLEEEEING.
  2412 | D:2      | 2412 ||| FLEEEEING.
  2420 | D:2      | 2420 ||| FLEEEEING.
  2421 | D:2      | 2421 ||| FLEEEEING.
  2422 | D:2      | 2422 ||| FLEEEEING.
  2423 | D:2      | 2423 ||| FLEEEEING.
  2424 | D:2      | 2424 ||| FLEEEEING.
  2425 | D:2      | 2425 ||| STAIRDANCE
  2514 | D:1      | 2514 ||| UPGRADING to +2 ratskin cloak {*Rats rPois rN+
                  | Str-1 Int-1 Dex+1}.
  2519 | D:1      | 2519 ||| UPGRADING to +2 pair of gloves of Card Tricks
                  | {rF++}.
  2524 | D:1      | 2524 ||| UPGRADING to ring of protection from fire.
  2525 | D:1      | 2525 ||| READING scroll labelled MEGHUR JAULO.
  2645 | D:1      | 2645 ||| READING scroll labelled MIMPESMOVIR.
  2857 | D:2      | 2857 ||| UPGRADING to +0 scale mail.
  2867 | D:2      | 2867 ||| DROPPING +0 ring mail.
  2955 | D:3      | 2955 ||| Stepping ~*~*~tactically~*~*~ (stealth).
  3079 | D:3      | Found a runed translucent gate.
  3081 | D:3      | Found a runed translucent gate.
  3082 | D:3      | Found a runed translucent gate.
  3126 | D:3      | 3126 ||| Stepping ~*~*~tactically~*~*~ (stealth).
  3150 | D:3      | Noticed qw's ghost (amateur TeWr)
  3253 | D:3      | Noticed a phantom
  3273 | D:3      | Killed a phantom
  3274 | D:3      | Reached skill level 7 in Axes
  3274 | D:3      | Reached XP level 6. HP: 23/35 MP: 10/10
  3524 | D:3      | 3524 ||| UPGRADING to +4 ring of evasion.
  3525 | D:3      | 3525 ||| READING scroll labelled ZEGOP CUMABAECU.
  3526 | D:3      | 3526 ||| READING scroll labelled GIEHEA CAHEDE.
  3527 | D:3      | 3527 ||| READING scroll labelled MYOPEA HISI.
  3528 | D:3      | 3528 ||| DRINKING 3 pink potions.
  4325 | D:4      | 4325 ||| UPGRADING to +0 plate armour.
  4335 | D:4      | 4335 ||| DROPPING +0 scale mail.
  4336 | D:4      | 4336 ||| READING scroll labelled NUIMIC USAA.
  4437 | D:4      | 4437 ||| READING scroll labelled FEVAPT ULINN.
  4438 | D:4      | 4438 ||| READING scroll labelled UPUUPE OCUXKAMN.
  4439 | D:4      | 4439 ||| READING 3 scrolls labelled QAIMMI QOJATO.
  4444 | D:4      | 4444 ||| DRINKING 2 puce potions.
  4445 | D:4      | 4445 ||| READING 3 scrolls of identify.
  4445 | D:4      | 4445 ||| IDENTIFYING glowing sapphire potion
  4446 | D:4      | 4446 ||| READING 2 scrolls of identify.
  4446 | D:4      | 4446 ||| IDENTIFYING cyan potion
  4447 | D:4      | 4447 ||| DROPPING potion of flight.
  4448 | D:4      | 4448 ||| DROPPING potion of berserk rage.
  4490 | D:5      | Entered Level 5 of the Dungeon
  4566 | D:5      | Reached skill level 3 in Armour
  4566 | D:5      | Reached XP level 7. HP: 29/40 MP: 11/11
  4575 | D:5      | 4575 ||| FLEEEEING.
  4709 | D:5      | Reached skill level 3 in Fighting
  5399 | D:5      | Reached skill level 8 in Axes
  5620 | D:5      | Found a staircase to the Ecumenical Temple.
  5621 | D:5      | 5621 ||| PLANNING TEMPLE
  5621 | D:5      | 5621 ||| READING 2 scrolls of identify.
  5621 | D:5      | 5621 ||| IDENTIFYING silvery potion
  5622 | D:5      | 5622 ||| DROPPING potion of lignification.
  5631 | Temple   | Entered the Ecumenical Temple
  5631 | Temple   | Found a transporter.
  5631 | Temple   | Found a transporter.
  5633 | Temple   | Found a transporter.
  5633 | Temple   | Found a transporter.
  5643 | Temple   | 5643 ||| PLANNING D:1-11
  5708 | Temple   | Became a worshipper of Warmaster Okawaru
  5807 | D:5      | Reached XP level 8. HP: 41/46 MP: 12/12
  5963 | D:5      | Identified the +1 leather armour of Upleh {rPois Str+3
                  | Dex+2}
  6052 | D:5      | 6052 ||| Stepping ~*~*~tactically~*~*~ (stealth).
  6062 | D:5      | Reached skill level 9 in Axes
  6200 | D:5      | 6200 ||| READING 2 scrolls of teleportation.
  6216 | D:6      | 6216 ||| PLANNING OSSUARY
  6218 | D:6      | 6218 ||| STAIRDANCE
  6268 | D:6      | 6268 ||| STAIRDANCE
  6395 | D:6      | Identified the ring "Niorirgh" {Ice Int+3}
  6694 | D:6      | 6694 ||| FLEEEEING.
  6705 | D:6      | HP: 11/48 [necrophage (3)]
  6706 | D:6      | 6706 ||| READING scroll of teleportation.
  6706 | D:6      | HP: 5/48 [orc warrior/bolt (4)]
  6707 | D:6      | 6707 ||| DRINKING potion of heal wounds.
  6771 | D:6      | 6771 ||| FLEEEEING.
  6772 | D:6      | 6772 ||| FLEEEEING.
  6773 | D:6      | 6773 ||| FLEEEEING.
  6774 | D:6      | 6774 ||| FLEEEEING.
  6775 | D:6      | 6775 ||| FLEEEEING.
  6776 | D:6      | 6776 ||| FLEEEEING.
  6777 | D:6      | 6777 ||| FLEEEEING.
  6778 | D:6      | 6778 ||| FLEEEEING.
  6779 | D:6      | 6779 ||| FLEEEEING.
  6780 | D:6      | 6780 ||| FLEEEEING.
  6781 | D:6      | 6781 ||| FLEEEEING.
  6782 | D:6      | 6782 ||| FLEEEEING.
  6787 | D:6      | 6787 ||| FLEEEEING.
  6788 | D:6      | 6788 ||| STAIRDANCE
  6902 | D:5      | 6902 ||| DRINKING 2 glowing grey potions.
  6903 | D:5      | 6903 ||| READING 2 scrolls of identify.
  6903 | D:5      | 6903 ||| IDENTIFYING purple potion
  6904 | D:5      | 6904 ||| DROPPING potion of degeneration.
  6906 | D:6      | 6906 ||| RIP OSSUARY
  6907 | D:6      | 6907 ||| PLANNING D:1-11
  6913 | D:6      | Reached * piety under Okawaru
  6957 | D:6      | Reached skill level 1 in Invocations
  7001 | D:6      | Noticed a yak
  7002 | D:6      | Noticed a yak
  7003 | D:6      | 7003 ||| Stepping ~*~*~tactically~*~*~ (stealth).
  7006 | D:6      | 7006 ||| Stepping ~*~*~tactically~*~*~ (stealth).
  7018 | D:6      | Killed a yak
  7094 | D:6      | Noticed a yak
  7095 | D:6      | Noticed a yak
  7097 | D:6      | Noticed a yak
  7098 | D:6      | 7098 ||| Stepping ~*~*~tactically~*~*~ (stealth).
  7101 | D:6      | 7101 ||| INVOKING Heroism.
  7115 | D:6      | Killed a yak
  7116 | D:6      | Reached XP level 9. HP: 35/52 MP: 11/13
  7121 | D:6      | Reached skill level 10 in Axes
  7121 | D:6      | Reached skill level 3 in Invocations
  7134 | D:6      | 7134 ||| INVOKING Heroism.
  7294 | D:6      | 7294 ||| Stepping ~*~*~tactically~*~*~ (hiding).
  7295 | D:6      | 7295 ||| INVOKING Heroism.
  7312 | D:6      | 7312 ||| DRINKING 2 potions of curing.
  7312 | D:6      | 7312 ||| (to cure confusion)
  7421 | D:6      | Reached ** piety under Okawaru
  7547 | D:6      | 7547 ||| Stepping ~*~*~tactically~*~*~ (stealth).
  7551 | D:6      | 7551 ||| Stepping ~*~*~tactically~*~*~ (hiding).
  7556 | D:6      | 7556 ||| INVOKING Heroism.
  7578 | D:6      | 7578 ||| Stepping ~*~*~tactically~*~*~ (stealth).
  7641 | D:6      | 7641 ||| Stepping ~*~*~tactically~*~*~ (hiding).
  7647 | D:6      | 7647 ||| Stepping ~*~*~tactically~*~*~ (hiding).
  7650 | D:6      | 7650 ||| INVOKING Heroism.
  7836 | D:6      | Found a hide-covered altar of Uskayaw.
  7836 | D:6      | Found a white marble altar of Elyvilon.
  7975 | D:6      | 7975 ||| INVOKING Heroism.
  8002 | D:6      | 8002 ||| READING 3 scrolls of identify.
  8002 | D:6      | 8002 ||| IDENTIFYING glowing ruby potion
  8003 | D:6      | 8003 ||| DROPPING potion of attraction.
  8034 | D:7      | Noticed Menkaure
  8035 | D:7      | 8035 ||| INVOKING Heroism.
  8040 | D:7      | Killed Menkaure
  8041 | D:7      | Reached skill level 11 in Axes
  8136 | D:7      | 8136 ||| Stepping ~*~*~tactically~*~*~ (hiding).
  8144 | D:7      | 8144 ||| INVOKING Heroism.
  8150 | D:7      | 8150 ||| Stepping ~*~*~tactically~*~*~ (stealth).
  8171 | D:7      | Reached skill level 6 in Armour
  8506 | D:7      | 8506 ||| INVOKING Heroism.
  8516 | D:7      | HP: 12/54 [bullfrog (2)]
  8521 | D:7      | HP: 7/54 [poisoned by a killer bee]
  8526 | D:7      | HP: 3/54 [poisoned by a killer bee]
  8836 | D:7      | 8836 ||| INVOKING Heroism.
  8848 | D:7      | Reached XP level 10. HP: 55/59 MP: 12/14
  9133 | D:7      | 9133 ||| DROPPING amulet of magic regeneration.
  9134 | D:7      | 9134 ||| READING 3 scrolls of identify.
  9134 | D:7      | 9134 ||| IDENTIFYING white potion
  9215 | D:8      | Reached skill level 12 in Axes
  9245 | D:8      | 9245 ||| Stepping ~*~*~tactically~*~*~ (stealth).
  9260 | D:8      | 9260 ||| INVOKING Heroism.
  9263 | D:8      | Reached skill level 3 in Dodging
  9267 | D:8      | 9267 ||| FLEEEEING.
  9308 | D:8      | 9308 ||| FLEEEEING.
  9312 | D:8      | 9312 ||| FLEEEEING.
  9313 | D:8      | 9313 ||| FLEEEEING.
  9314 | D:8      | 9314 ||| FLEEEEING.
  9315 | D:8      | 9315 ||| FLEEEEING.
  9316 | D:8      | 9316 ||| FLEEEEING.
  9317 | D:8      | 9317 ||| STAIRDANCE
  9471 | D:7      | 9471 ||| DROPPING amulet of guardian spirit.
  9472 | D:7      | 9472 ||| UPGRADING to ring of willpower.
  9482 | D:8      | 9482 ||| INVOKING Heroism.
  9493 | D:8      | HP: 14/59 [poisoned by a gnoll sergeant]
  9494 | D:8      | 9494 ||| READING scroll of teleportation.
  9499 | D:8      | HP: 11/59 [poisoned by a gnoll sergeant]
  9757 | D:8      | Found a burning altar of Makhleb.
  9817 | D:8      | 9817 ||| INVOKING Heroism.
  9981 | D:8      | 9981 ||| Stepping ~*~*~tactically~*~*~ (hiding).
 10014 | D:8      | 10014 ||| INVOKING Heroism.
 10183 | D:8      | Found a shadowy altar of Dithmenos.
 10210 | D:8      | Found a snail-covered altar of Cheibriados.
 10212 | D:8      | Found Cheibriados's Comfort Zone.
 10218 | D:8      | Noticed a manticore
 10219 | D:8      | 10219 ||| INVOKING Heroism.
 10231 | D:8      | HP: 8/60 [manticore (9)]
 10232 | D:8      | 10232 ||| DRINKING potion of heal wounds.
 10239 | D:8      | Killed a manticore
 10240 | D:8      | Reached skill level 6 in Fighting
 10453 | D:8      | 10453 ||| SHOPLISTING +3 crystal plate armour of
                  | ponderousness (792 gold, have 458).
 10467 | D:8      | Found a glowing silver altar of Zin.
 10468 | D:8      | Found a broken altar of Ashenzari.
 10483 | D:8      | 10483 ||| INVOKING Heroism.
 10706 | D:8      | 10706 ||| READING scroll labelled YKAZUEPYISH.
 10707 | D:8      | 10707 ||| READING 3 scrolls of identify.
 10707 | D:8      | 10707 ||| IDENTIFYING bubbling white potion
 10708 | D:8      | 10708 ||| READING 2 scrolls of identify.
 10708 | D:8      | 10708 ||| IDENTIFYING emerald potion
 10731 | D:9      | 10731 ||| STAIRDANCE
 10735 | D:8      | Reached *** piety under Okawaru
 10750 | D:9      | 10750 ||| STAIRDANCE
 10842 | D:9      | 10842 ||| STAIRDANCE
 10846 | D:9      | 10846 ||| STAIRDANCE
 10860 | D:8      | 10860 ||| INVOKING Heroism.
 11108 | D:9      | 11108 ||| Stepping ~*~*~tactically~*~*~ (hiding).
 11110 | D:9      | 11110 ||| Stepping ~*~*~tactically~*~*~ (hiding).
 11113 | D:9      | 11113 ||| Stepping ~*~*~tactically~*~*~ (hiding).
 11121 | D:9      | 11121 ||| Stepping ~*~*~tactically~*~*~ (stealth).
 11212 | D:9      | You are sucked into a shaft and drop 2 floors!
 11217 | D:11     | Noticed a boulder beetle
 11220 | D:11     | 11220 ||| INVOKING Heroism.
 11256 | D:11     | 11256 ||| INVOKING Heroism.
 11261 | D:11     | HP: 14/61 [troll (2)]
 11261 | D:11     | HP: 5/61 [troll (9)]
 11262 | D:11     | 11262 ||| READING scroll of teleportation.
 11268 | D:11     | Annihilated by a boulder beetle

Levels and vault maps discovered:
D:1:      dpeg_arrival_round_a, layout_basic
D:2:      cheibrodos_fertilizer, layout_loops_ring,
          chequers_ecumenical_altar_twisty, grunt_ministairs_4,
          minmay_increasing_density
D:3:      layout_rooms, gammafunk_ghost_icy
D:4:      layout_cave_pods
D:5:      layout_basic, minmay_temple_entry_statues
D:6:      layout_rooms, gammafunk_temple_overflow_elements,
          gup_ossuary_entry_pyramid, hangedman_decor_clover_reticule,
          dreamdust_princess_bridge
D:7:      layout_basic, uniq_menkaure
D:8:      layout_gridville, lemuel_round_altar, lemuel_coloured_pillars_altar,
          grunt_temple_overflow_open, minmay_shop_chei
D:9:      layout_irregular_city, mainiacjoe_overflow_alcove_2,
          mainiacjoe_overflow_paths, mainiacjoe_overflow_surrounded_room,
          david_orc_4
D:11:     layout_basic, erik_lair_island
Temple:   hellmonk_temple_divided_pantheon

Skill      XL: |  1  2  3  4  5  6  7  8  9 10 |
---------------+-------------------------------+-----
Axes           | 3 4 5 7 8 9 11 12 | 12.8
Armour         | 3 4 5 6 7 |  7.0
Fighting       | 3 4 5 6 |  6.6
Invocations    | 2 4 |  4.0
Dodging        | 3 |  3.0
Throwing       | |  1.0
Spellcasting   | |  2.0
Translocations | |  2.4

Action                   |  1- 3 |  4- 6 |  7- 9 | 10-12 || total
-------------------------+-------+-------+-------+-------++-------
Melee: Hand axe          |    91 |   152 |   367 |   238 ||   848
       Kick              |    11 |    37 |   121 |    82 ||   251
       Peck              |    14 |    25 |    68 |    47 ||   154
       Punch             |     1 |     1 |    11 |     6 ||    19
Throw: Boomerang         |     7 |    14 |       |    13 ||    34
Invok: Heroism           |       |       |    10 |     9 ||    19
  Use: Potion            |     1 |     2 |     3 |     1 ||     7
       Scroll            |       |    11 |     5 |     6 ||    22
Armor: Leather armour    |    13 |       |       |       ||    13
       Ring mail         |    12 |    25 |       |       ||    37
       Scale mail        |       |    23 |       |       ||    23
       Plate armour      |       |     6 |   194 |   161 ||   361
Dodge: Dodged            |    53 |    95 |   164 |   152 ||   464

Table legend:
 A = Non-vault XP
 B = Vault XP
 C = Vault XP percentage of total XP
 D = Non-vault monster count
 E = Vault monster count
 F = Vault count percentage of total count
                 A         B        C        D         E       F
            +---------+---------+-------+---------+---------+-------
      Total |    6991 |     688 |   9.0 |     168 |      27 |  13.8
            +---------+---------+-------+---------+---------+-------
        D:1 |      44 |       0 |   0.0 |      26 |       0 |   0.0
        D:2 |      95 |     100 |  51.3 |      17 |      23 |  57.5
        D:3 |     149 |       0 |   0.0 |      19 |       0 |   0.0
        D:4 |      98 |       0 |   0.0 |       6 |       0 |   0.0
        D:5 |     909 |       0 |   0.0 |      20 |       0 |   0.0
        D:6 |    2128 |      18 |   0.8 |      26 |       1 |   3.7
        D:7 |     989 |     169 |  14.6 |      18 |       1 |   5.3
        D:8 |    2155 |       0 |   0.0 |      24 |       0 |   0.0
        D:9 |     258 |       0 |   0.0 |      10 |       0 |   0.0
       D:11 |     166 |     401 |  70.7 |       2 |       2 |  50.0
            +---------+---------+-------+---------+---------+-------
